 Dungeon Crawl Stone Soup version 0.31.0-9-g3a7656b989 (webtiles) character file.

Game seed: 3518536836255418431

65 qw the Shooter (level 3, -5/20 HPs)
             Began as a Deep Elf Hunter on Feb 2, 2024.
             Killed by divine providence
             ... invoked by an orc priest
              (8 damage)
             ... on level 3 of the Dungeon.
             The game lasted 00:00:04 (1322 turns).

qw the Shooter (Deep Elf Hunter)                    Turns: 1322, Time: 00:00:04

Health: -5/20      AC:  9    Str: 10    XL:     3   Next: 94%
Magic:  5/5        EV:  9    Int: 13    God:
Gold:   139        SH:  0    Dex: 18    Spells: 2/2 levels left

rFire   . . .        a - +0 shortbow
rCold   . . .        (shield currently unavailable)
rNeg    . . .        b - +0 scale mail
rPois   .            (no helmet)
rElec   .            e - +2 cloak
rCorr   .            (no gloves)
SInv    .            (no boots)
Will    .....        (no amulet)
Stlth   +            (no ring)
HPRegen 0.23/turn    (no ring)
MPRegen 0.09/turn

%: no passive effects
@: no status effects
A: no striking features
a: no special abilities


You were on level 3 of the Dungeon.
You visited 1 branch of the dungeon, and saw 3 of its levels.

You collected 139 gold pieces.


   Skills:
 - Level 1.5 Fighting
 + Level 7.4 Ranged Weapons
 - Level 2.4 Dodging
 - Level 1.2 Stealth


You had 2 spell levels left.
You didn't know any spells.
Your spell library was empty.

Inventory:

Hand Weapons
 a - a +0 shortbow (weapon)
Armour
 b - a +0 scale mail (worn)
 e - a +2 cloak (worn)
Jewellery
 i - a ring of wizardry
Wands
 g - a wand of mindburst (17)
Scrolls
 c - 2 scrolls of teleportation {unknown}
 d - 5 scrolls of identify
 f - a scroll of acquirement {unknown}
Potions
 h - a potion of curing {unknown}

Dungeon Overview and Level Annotations

Branches:
Dungeon (3/15)

Altars:
Cheibriados


Message History

You kill the kobold!
Things that are here:
a +0 club; a kobold corpse
f - a scroll labelled OVETTUG WONUC You now have 139 gold pieces (gained 9).
c - 2 scrolls labelled WIONLY MUAMO (gained 1)
You open the door.
Found a stone staircase leading down.
You open the large door.
There is a large open door here.
Found a scale mail.
There is a large open door here.
g - a wand of mindburst (17)
h - a cyan potion
i - a ring of wizardry As you open the door, it creaks loudly!
An orc priest comes into view. It is wielding a +0 flail.
You hear a shout! x2
An orc comes into view. It is wielding a +0 club.
You shoot an arrow.
The arrow hits the orc priest but does no damage.
The orc priest mumbles some strange prayers to Beogh against you.
Beogh smites you!
Ouch! That really hurt!
You shoot an arrow. The arrow hits the orc priest!
The orc priest is heavily wounded.
The orc hits you but does no damage. The orc priest barely misses you.
An orc comes into view. It is wielding a +0 dagger.
You shoot an arrow. The arrow hits the orc priest.
The orc priest is almost dead.
The orc priest hits you with a +0 flail.
The orc hits you but does no damage.
You shoot an arrow.
The arrow closely misses the orc priest.
The orc priest hits you with a +0 flail.
You shoot an arrow.
The arrow closely misses the orc priest.
The orc priest mumbles some strange prayers to Beogh against you.
Beogh smites you!
You die...

##......[..##.#
##.......####.#
''............#
##.......###..# #
##.......# #..#######.#
##.......###..........##
........................
############.#........#.
# #.#.o@o...... ##
#.###'####... .# #.# #o.
.## #.# #### ..#######
#.# ........# #.#
........# ........#
........# ##


You could see an orc priest and 2 orcs.

Vanquished Creatures
  3 adders (D:2)
  4 ball pythons
  4 endoplasms (D:1)
  2 giant cockroaches
  4 goblins
  A hobgoblin (D:1)
  5 jackals
  5 kobolds
  A quokka (D:1)
  5 frilled lizards
  4 rats
38 creatures vanquished.

Notes
Turn   | Place    | Note
-------+----------+-------------------------------------------
     0 | D:1      | qw the Deep Elf Hunter began the quest for the Orb.
     0 | D:1      | Reached XP level 1. HP: 12/12 MP: 3/3
     0 | D:1      | 0 ||| qw: Version: 0.3-a-155-g5e7d8dd
     0 | D:1      | 0 ||| qw: Game counter: 415
     0 | D:1      | 0 ||| qw: Melee chars always use a shield: true
     0 | D:1      | 0 ||| qw: God list: Okawaru
     0 | D:1      | 0 ||| qw: Allow faded altars: false
     0 | D:1      | 0 ||| qw: Do Orc after clearing Dungeon:15 true
     0 | D:1      | 0 ||| qw: Do second Lair branch before Depths: true
     0 | D:1      | 0 ||| qw: Lair rune preference: random
     0 | D:1      | 0 ||| qw: Goals: Normal
     0 | D:1      | 0 ||| PLANNING D:1-11
   100 | D:1      | Reached skill level 6 in Ranged Weapons
   100 | D:1      | Reached XP level 2. HP: 16/16 MP: 4/4
   572 | D:1      | 572 ||| UPGRADING to +2 cloak.
   577 | D:1      | 577 ||| READING 3 scrolls labelled YLIQ CUIDI.
   578 | D:1      | 578 ||| DROPPING scroll of butterflies.
   715 | D:2      | Reached XP level 3. HP: 20/20 MP: 5/5
   872 | D:2      | Reached skill level 7 in Ranged Weapons
   991 | D:2      | Found a snail-covered altar of Cheibriados.
  1168 | D:2      | 1168 ||| UPGRADING to +0 scale mail.
  1178 | D:2      | 1178 ||| DROPPING +0 leather armour.
  1320 | D:3      | HP: 5/20 [orc priest/+0 flail (6)]
  1322 | D:3      | Killed from afar by an orc priest

Levels and vault maps discovered:
D:1:      lightli_arrival_farm, layout_basic
D:2:      layout_basic, basic_altar
D:3:      layout_basic, grunt_ashenzari_visionary
          [grunt_ashenzari_visionary_shoals, grunt_ashenzari_visionary_spider]

Skill      XL: |  1  2  3 |
---------------+----------+-----
Ranged Weapons | 6 7 |  7.4
Fighting       | |  1.5
Dodging        | |  2.4
Stealth        | |  1.2

Action                     || total
---------------------------++-------
   Fire: Shortbow          ||   103
    Use: Scroll            ||     1
 Armour: Leather armour    ||    12
         Scale mail        ||     4
  Dodge: Dodged            ||    18

Table legend:
 A = Non-vault XP
 B = Vault XP
 C = Vault XP percentage of total XP
 D = Non-vault monster count
 E = Vault monster count
 F = Vault count percentage of total count
                 A         B        C        D         E       F
            +---------+---------+-------+---------+---------+-------
      Total |      94 |       0 |   0.0 |      38 |       0 |   0.0
            +---------+---------+-------+---------+---------+-------
        D:1 |      37 |       0 |   0.0 |      22 |       0 |   0.0
        D:2 |      55 |       0 |   0.0 |      14 |       0 |   0.0
        D:3 |       2 |       0 |   0.0 |       2 |       0 |   0.0
            +---------+---------+-------+---------+---------+-------
